 Dungeon Crawl Stone Soup version 0.29.1-13-g9f3cf754e1 (webtiles) character file.

Game seed: 8074580780812785686

34 Descartes the Trooper (level 3, -2/29 HPs)
             Began as a Demonspawn Monk on Jan 20, 2023.
             Slain by Terence
             ... wielding a +0 falchion
              (8 damage)
             ... on level 2 of the Dungeon.
             The game lasted 00:03:06 (1336 turns).

Descartes the Trooper (Demonspawn Monk)             Turns: 1336, Time: 00:03:07

Health: -2/29      AC:  3    Str: 13    XL:     3   Next: 14%
Magic:  3/3        EV: 12    Int: 11    God:
Gold:   37         SH:  6    Dex: 15    Spells: 2/2 levels left

rFire   . . .      SeeInvis .   a - +0 mace
rCold   . . .      Faith    .   j - +2 buckler
rNeg    . . .      Spirit   .   b - +0 robe
rPois   .          Reflect  .   (no helmet)
rElec   .          Harm     .   (no cloak)
rCorr   .          Rampage  .   d - +0 pair of gloves
Will    .....                   (no boots)
Stlth   ++........              (no amulet)
HPRegen 0.09/turn               (no ring)
MPRegen 0.08/turn               (no ring)

@: no status effects
A: demonic magic 1
a: no special abilities


You were on level 2 of the Dungeon.
You visited 1 branch of the dungeon, and saw 2 of its levels.

You collected 37 gold pieces.

Inventory:

Hand Weapons
 a - a +0 mace (weapon)
Missiles
 f - 2 poisoned darts (quivered)
Armour
 b - a +0 robe (worn)
 d - a +0 pair of gloves (worn)
 j - a +2 buckler (worn)
Scrolls
 g - a scroll of teleportation {unknown}
 h - a scroll of amnesia {unknown}
 i - a scroll of brand weapon {unknown}
 l - 2 scrolls of identify {unknown}
Potions
 e - a potion of cancellation {unknown}
 m - a potion of curing {unknown}


   Skills:
 + Level 3.2 Fighting
 + Level 2.8 Maces & Flails
 + Level 0.4 Armour
 + Level 2.9 Dodging
 - Level 1.8 Stealth
 + Level 0.6 Shields
 + Level 0.4 Spellcasting
 + Level 0.3 Conjurations
 + Level 0.8 Evocations


You had 2 spell levels left.
You didn't know any spells.
Your spell library contained the following spells:

 Spells                   Type           Power      Damage    Failure   Level
 Apportation              Tloc           0%         N/A       43%         1
 Necrotise                Necr           0%         1d4       43%         1
 Summon Small Mammal      Summ           0%         N/A       43%         1


Dungeon Overview and Level Annotations

Branches:
Dungeon (2/15)

Altars:

Annotations:
D:2 Terence


Innate Abilities, Weirdness & Mutations

Spells you cast may paralyse adjacent enemies.


Message History

Terence is heavily wounded.
You block Terence's attack. The giant cockroach barely misses you.
Terence barely misses you. The giant cockroach barely misses you.
You barely miss Terence.
Terence is heavily wounded.
The giant cockroach bites you but does no damage.
Terence hits you with a +0 falchion!
You closely miss Terence.
Terence is heavily wounded.
You block the giant cockroach's attack. Terence hits you with a +0 falchion.
* * * LOW HITPOINT WARNING * * *
The giant cockroach bites you but does no damage.
You hit Terence but do no damage.
Terence is heavily wounded.
Terence barely misses you.
The giant cockroach completely misses you.
Terence barely misses you.
You hit Terence.
Terence is heavily wounded.
The giant cockroach bites you.
* * * LOW HITPOINT WARNING * * *
Terence hits you with a +0 falchion.
* * * LOW HITPOINT WARNING * * *
The giant cockroach bites you but does no damage.
You hit Terence but do no damage.
Terence is heavily wounded.
Terence barely misses you. The giant cockroach misses you.
It was a potion of magic.
Magic courses through your body. The giant cockroach barely misses you.
Terence screams, "I'm going to kill you!"
You block Terence's attack.
Unknown command.
You hit Terence.
Terence is severely wounded.
You block the giant cockroach's attack. You block Terence's attack.
The giant cockroach barely misses you.
You barely miss Terence.
Terence is severely wounded.
Terence hits you with a +0 falchion!
You die...

.. #.# #.#
##.# ... # #
#.# .#
##.##.##..##
#...$@@B...#
#..##.##...#
#..##.##...#
w#
#..........#
.#
#.###.###..#
.# #.#
#.###..# .#
#.# #.#....#
#####.# #.#
#.#.##.#
....#.# #.#
#.#.##.#


You could see Terence and a giant cockroach.

Vanquished Creatures
  An adder (D:2)
  A worm (D:2)
  A dart slug (D:1)
  A ball python (D:1)
  3 endoplasms (D:1)
  3 goblins (D:1)
  2 hobgoblins (D:1)
  A bat (D:1)
  A frilled lizard (D:1)
  3 kobolds
  3 rats (D:1)
20 creatures vanquished.

Notes
Turn   | Place    | Note
-------+----------+-------------------------------------------
     0 | D:1      | Descartes the Demonspawn Monk began the quest for the Orb.
     0 | D:1      | Reached XP level 1. HP: 18/18 MP: 1/1
   166 | D:1      | Found a faded altar of an unknown god.
   265 | D:1      | Gained mutation: Spells you cast may paralyse adjacent
                  | enemies. [demonic ancestry]
   265 | D:1      | Reached XP level 2. HP: 21/24 MP: 2/2
  1127 | D:2      | Reached XP level 3. HP: 15/29 MP: 3/3
  1308 | D:2      | Noticed Terence
  1336 | D:2      | Slain by Terence

Illustrated notes

Levels and vault maps discovered:
D:1:      onia_arrival_handbag, layout_loops_ring,
          shapermc_ecumenical_altar_ellora
D:2:      layout_loops_ring, basic_altar, uniq_terence

Action                   || total
-------------------------++-------
Melee: Mace              ||    79
  Use: Potion            ||     4
 Stab: Sleeping          ||     5
Armor: Robe              ||    15
Dodge: Dodged            ||    51
Block: Buckler           ||    16
